 Dungeon Crawl Stone Soup version 0.19-a0-1899-g2d93087 (webtiles) character file.

436 dobroeutro the Bolt Thrower (level 7, 0/58 HPs)
             Began as a Formicid Hunter on Oct 19, 2016.
             Slain by an ogre
             ... wielding a +0 giant spiked club
              (21 damage)
             ... on level 4 of the Dungeon.
             The game lasted 00:03:58 (3619 turns).

dobroeutro the Bolt Thrower (Formicid Hunter)       Turns: 3619, Time: 00:03:59

Health: 0/58       AC:  8    Str: 18    XL:     7   Next: 21%
Magic:  7/7        EV: 10    Int: 11    God:
Gold:   228        SH:  0    Dex: 11    Spells: 0 memorised, 6 levels left

rFire  + . .     SeeInvis +     a - +1 hand crossbow
rCold  . . .     Gourm    .     u - +2 scale mail {rF+}
rNeg   . . .     Faith    .     (no shield)
rPois  .         Spirit   .     (helmet unavailable)
rElec  .         Reflect  .     (no cloak)
rCorr  .         Harm     .     (no gloves)
MR     .....                    (no boots)
Stlth  ..........               (no amulet)
                                (no ring)
                                (no ring)

@: no status effects
A: permanent stasis, dig shafts and tunnels, four strong arms, antennae 3
a: Dig, Shaft Self


You were on level 4 of the Dungeon.
You were not hungry.

You visited 1 branch of the dungeon, and saw 4 of its levels.

You collected 228 gold pieces.

Inventory:

Hand Weapons
 a - a +1 hand crossbow (weapon)
 b - a +0 short sword
Missiles
 d - 12 bolts (quivered)
Armour
 c - a +0 leather armour
 u - a +2 scale mail of fire resistance (worn)
Scrolls
 e - 6 scrolls of identify {unknown}
 g - a scroll of fear {unknown}
 j - a scroll of immolation {unknown}
 l - a scroll of teleportation {unknown}
 m - 2 scrolls of remove curse {unknown}
 n - 2 scrolls of blinking {unknown}
 q - a scroll of fog {unknown}
 t - a scroll of magic mapping {unknown}
 v - a scroll of noise {unknown}
Potions
 i - 6 potions of curing {unknown}
 k - a potion of berserk rage {unknown}
 o - a potion of brilliance {unknown}
 p - a potion of invisibility {unknown}
 r - a potion of agility {unknown}
 s - a potion of resistance {unknown}
Comestibles
 f - 2 bread rations
 h - a meat ration


   Skills:
 + Level 6.0 Fighting
 + Level 6.2 Crossbows
 + Level 0.2 Armour
 - Level 1.7 Dodging
 - Level 1.2 Stealth


You had 6 spell levels left.
You didn't know any spells.

Dungeon Overview and Level Annotations

Branches:
Dungeon (4/15)
 Temple: D:4-7

Altars:
Elyvilon
Qazlal

Shops:
D:4 }


Innate Abilities, Weirdness & Mutations

You are under a permanent stasis effect.
You can dig through walls and to a lower floor.
Your four strong arms can wield two-handed weapons with a shield.
You have a pair of large antennae on your head. (SInv)


Message History

The ogre is heavily wounded.
The ogre hits you with a giant spiked club!
Firing (i - inventory):
d - 15 bolts (quivered)
Press: ? - help, Shift-Dir - straight line, f/p - ogre
Aim: an ogre, wielding a giant spiked club (heavily wounded)
You shoot a bolt. The bolt hits the ogre.
The ogre is severely wounded.
The ogre hits you with a giant spiked club!
Firing (i - inventory):
d - 14 bolts (quivered)
Press: ? - help, Shift-Dir - straight line, f/p - ogre
Aim: an ogre, wielding a giant spiked club (severely wounded)
You shoot a bolt. The bolt hits the ogre.
The ogre is almost dead.
The ogre hits you with a giant spiked club!
Firing (i - inventory):
d - 13 bolts (quivered)
Press: ? - help, Shift-Dir - straight line, f/p - ogre
Aim: an ogre, wielding a giant spiked club (almost dead)
You shoot a bolt. The bolt barely misses the ogre.
The ogre hits you with a giant spiked club!!
You die...

#.##.###.##..##.)............
#.#...##.....................
#.###.....##.###.............
#.# ####...................##
#.# ###.#................#
..# #.#.##.........#####
#..<...####.[..# ####.###
#....# #O@.# ##..|# #.....###
#...# .(.#### #...# # #####


You could see an ogre.

Vanquished Creatures
  Grinder (D:3)
  4 orc wizards
  An orc priest (D:4)
  A hound skeleton (D:4)
  2 worms (D:2)
  A dart slug (D:1)
  2 leopard geckos (D:1)
  12 orcs
  A ball python (D:1)
  6 bats
  2 giant cockroaches
  7 goblins
  4 hobgoblins
  6 jackals (D:3)
  A quokka (D:2)
  3 frilled lizards
  5 kobolds
  5 rats
64 creatures vanquished.

Notes
Turn   | Place    | Note
-------+----------+-------------------------------------------
     0 | D:1      | dobroeutro the Formicid Hunter began the quest for the Orb.
     0 | D:1      | Reached XP level 1. HP: 16/16 MP: 1/1
   121 | D:1      | Reached XP level 2. HP: 6/23 MP: 2/2
   623 | D:1      | Reached XP level 3. HP: 7/29 MP: 3/3
  2134 | D:3      | Reached XP level 4. HP: 26/37 MP: 4/4
  2403 | D:3      | Found a stormy altar of Qazlal.
  2403 | D:3      | Noticed a fire elemental
  2407 | D:3      | Noticed a water elemental
  2410 | D:3      | Noticed an earth elemental
  2410 | D:3      | Noticed an air elemental
  2493 | D:3      | Noticed Grinder
  2500 | D:3      | Killed Grinder
  2500 | D:3      | Reached skill level 5 in Fighting
  2500 | D:3      | Reached skill level 5 in Crossbows
  2500 | D:3      | Reached XP level 5. HP: 42/44 MP: 5/5
  2500 | D:3      | Reached XP level 6. HP: 48/51 MP: 6/6
  3206 | D:4      | Reached XP level 7. HP: 57/57 MP: 7/7
  3459 | D:4      | Found Akli's Gadget Emporium.
  3562 | D:4      | Found a faded altar of an unknown god.
  3562 | D:4      | Found a white marble altar of Elyvilon.
  3567 | D:4      | Found a faded altar of an unknown god.
  3569 | D:4      | Found a faded altar of an unknown god.
  3570 | D:4      | Found a faded altar of an unknown god.
  3619 | D:4      | Slain by an ogre

Vault maps used:
D:1:      minmay_arrival_arboretum_small
D:2:      first_bread
D:3:      amethyst_killhole, nicolae_qazlal_style_of_elements, uniq_grinder
D:4:      chequers_temple_overflow_minitemple, serial_shops, shop,
          kennysheep_small_circle

Skill      XL: |  1  2  3  4  5  6  7 |
---------------+----------------------+-----
Fighting       | 3 5 6 |  6.0
Crossbows      | 5 6 |  6.2
Armour         | |  0.2
Dodging        | |  1.7
Stealth        | |  1.2

Action                   |  1- 3 |  4- 6 |  7- 9 || total
-------------------------+-------+-------+-------++-------
Melee: Short sword       |   159 |    82 |    25 ||   266
 Fire: Hand crossbow     |     5 |    16 |    21 ||    42
 Stab: Sleeping          |     2 |     1 |       ||     3
  Eat: Chunk             |     3 |     4 |     2 ||     9
Armor: Leather armour    |    58 |    20 |     2 ||    80
       Scale mail        |       |       |    10 ||    10
Dodge: Dodged            |   130 |    70 |    15 ||   215
